 Dungeon Crawl Stone Soup version 0.18-a0-1718-g40ea4b6 (webtiles) character file.

28 Duffy the Skirmisher (level 3, 0/33 HPs)
             Began as a Formicid Wanderer on Apr 8, 2016.
             Slain by an adder (5 damage)
             ... on level 1 of the Dungeon.
             The game lasted 00:01:32 (1293 turns).

Duffy the Skirmisher (Formicid Wanderer)            Turns: 1293, Time: 00:01:33

Health: 0/33       AC:  2    Str: 18    XL:     3   Next: 30%
Magic:  3/3        EV:  8    Int: 10    God:
Gold:   20         SH:  8    Dex: 10    Spells: 0 memorised, 2 levels left

rFire  . . .     SeeInvis +     i - +2 spear (venom)
rCold  . . .     Gourm    .     d - +0 robe
rNeg   . . .     Faith    .     a - +0 shield
rPois  .         Spirit   .     (helmet unavailable)
rElec  .         Dismiss  .     (no cloak)
rCorr  .         Reflect  .     (no gloves)
SustAt .         Harm     .     (no boots)
MR     .....                    (no amulet)
Stlth  +.........               (no ring)
                                (no ring)

@: lethally poisoned (0 -> -13), not resistant to hostile enchantments, very
unstealthy
A: permanent stasis, dig shafts and tunnels, four strong arms, antennae 3
a: Dig, Shaft Self


You were on level 1 of the Dungeon.
You were not hungry.

You visited 1 branch of the dungeon, and saw 2 of its levels.

You collected 20 gold pieces.


Innate Abilities, Weirdness & Mutations

You are under a permanent stasis effect.
You can dig through walls and to a lower floor.
Your four strong arms can wield two-handed weapons with a shield.
You have a pair of large antennae on your head (SInv).


   Skills:
 + Level 5.4 Fighting
 - Level 2.0(2.4) Axes
 - Level 2.0(2.4) Maces & Flails
 + Level 1.5 Shields
   Level 1.1 Evocations


You had 2 spell levels left.
You didn't know any spells.

Inventory:

Hand Weapons
 b - a +0 mace
 i - a +2 spear of venom (weapon)
 m - a +0 war axe
Missiles
 g - 2 throwing nets (quivered)
Armour
 a - a +0 shield (worn)
 d - a +0 robe (worn)
Scrolls
 e - a scroll of remove curse {unknown}
 h - a scroll of immolation {unknown}
 j - a scroll of enchant weapon {unknown}
 l - a scroll of identify {unknown}
Potions
 c - a potion of lignification
Comestibles
 f - 3 bread rations
 k - 3 chunks of flesh

Dungeon Overview and Level Annotations

Branches:
Dungeon (2/15)

Altars:


Message History

The jackal bites you but does no damage.
You climb upwards.
There is a stone staircase leading down here.
You extend your mandibles.
You dig through the rock wall.
The adder bites you but does no damage. You block the jackal's attack.
The adder bites you.
You are poisoned.
The adder poisons you!
You retract your mandibles.
You feel sick. The jackal closely misses you.
You closely miss the jackal.
You feel sick. You block the jackal's attack.
You hit the jackal.
The jackal is severely wounded.
You block the jackal's attack. x2
You hit the jackal.
You kill the jackal!
You feel sick. You block the adder's attack.
You miss the adder. The adder bites you.
You closely miss the adder. The adder bites you.
You are more poisoned.
The adder poisons you! The adder closely misses you.
You miss the adder.
You feel sick. You block the adder's attack.
You barely miss the adder.
You feel sick. The adder closely misses you.
You closely miss the adder.
You feel sick. The adder bites you.
You are more poisoned.
The adder poisons you! The adder bites you.
You are more poisoned.
The adder poisons you!
You are too injured to fight recklessly!
You hit the adder.
The adder is poisoned.
The adder is moderately wounded.
You feel sick. The adder bites you.
You barely miss the adder.
The adder is heavily wounded.
You feel sick. The adder bites you.
You die...

#.#.................
#.#.................
#.##################
#.#.................
#.#.#.##..#.........
#.#.......#.#####..#
#.#.......#.# #...
#.#.##.#..#.# #..#
#>S@......#.# #...
#.####.#.##.# ##.#
#...........# #.#
######.#.#### #.#
#.#.# #..
#.#.#########..
#.#.........#..
#.#########.#..
#..............


You could see an adder.

Action                   || total
-------------------------++-------
Melee: Mace              ||    12
       Spear             ||    45
 Abil: Dig               ||     4
  Eat: Chunk             ||     1

Notes
Turn   | Place    | Note
--------------------------------------------------------------
     0 | D:1      | Duffy the Formicid Wanderer began the quest for the Orb.
     0 | D:1      | Duffy set off with: a +0 shield, a +0 mace, a potion of lignification, a +0 robe, a bread ration
     0 | D:1      | Reached XP level 1. HP: 20/20 MP: 1/1
   468 | D:1      | Reached XP level 2. HP: 26/26 MP: 2/2
   676 | D:1      | Reached skill level 5 in Fighting
   752 | D:1      | Reached XP level 3. HP: 32/33 MP: 3/3
  1293 | D:1      | Slain by an adder

Vault maps used:
D:1:      dpeg_arrival_boxes_within_box
D:2:      lemuel_round_altar, first_bread, ecumenical_altar_2, uniq_natasha

Vanquished Creatures
  A dart slug
  2 giant geckos
  2 bats
  3 goblins
  5 hobgoblins
  2 jackals
  2 kobolds
  3 giant newts
  A rat
21 creatures vanquished.
